 Dungeon Crawl Stone Soup version 0.31-a0-963-ga325b2283a (webtiles) character file.

Game seed: 16744833210893101308

2203 Azuregosa the Covert (level 9, -1/63 HPs)
             Began as an Octopode Delver on Oct 25, 2023.
             Was an Initiate of Gozag.
             Slain by a vampire mosquito (4 damage)
             ... on level 6 of the Dungeon.
             The game lasted 00:23:08 (6560 turns).

Azuregosa the Covert (Octopode Delver)              Turns: 6560, Time: 00:23:08

Health: -1/63      AC:  9    Str: 11    XL:     9   Next: 34%
Magic:  9/9        EV: 28    Int: 12    God:    Gozag
Gold:   1178       SH:  0    Dex: 18    Spells: 8/8 levels left

rFire   . . .        C - +6 spear "Qyodedug" {freeze, rCorr Stlth+}
rCold   . . .        H - orb {mayhem}
rNeg    . . .        (helmet restricted)
rPois   .            r - amulet of the acrobat
rElec   .            c - ring of see invisible
rCorr   +            l - +4 ring of protection
SInv    +            D - +4 ring of protection
Will    .....        (no ring)
Stlth   +++++++      (no ring)
HPRegen 0.30/turn    (no ring)
MPRegen 0.11/turn    (no ring)
                     (no ring)

%: mayhem, acrobat
@: acrobatic
A: almost no armour, amphibious, 8 rings, camouflage 1, gelatinous body 1,
(nimble swimmer 1), tentacles
a: Renounce Religion, Potion Petition, Call Merchant, Bribe Branch


You were on level 6 of the Dungeon.
You worshipped Gozag.
Gozag was most pleased with you.
You visited 2 branches of the dungeon, and saw 7 of its levels.
You also visited: Sewer.

You collected 1200 gold pieces.
You paid 22 gold pieces to Gozag.

Inventory:

Hand Weapons
 a - a +0 mace
 d - a +2 vampiric whip
 i - a +0 broad axe
 n - a +2 short sword of electrocution
 p - a +3 scimitar
 w - a +0 flail of holy wrath
 A - a +0 sling
 C - the +6 spear "Qyodedug" (weapon) {freeze, rCorr Stlth+}
   (You found it on level 2 of the Dungeon)

   rCorr:     It protects you from acid and corrosion.
   Stlth+:    It makes you more stealthy.
 J - a +2 dire flail of venom
Missiles
 o - 53 stones
 B - 21 poisoned darts
Armour
 H - an orb of mayhem (worn)
Jewellery
 c - a ring of see invisible (left tentacle)
 l - a +4 ring of protection (right tentacle)
 r - an amulet of the acrobat (around mantle)
 D - a +4 ring of protection (on tentacle)
Wands
 f - a wand of digging (2)
 s - a wand of paralysis (5)
 v - a wand of flame (10)
Scrolls
 b - a scroll of fog
 h - a scroll of fear
 j - 2 scrolls of blinking {unknown}
 k - 3 scrolls of enchant weapon {unknown}
 m - a scroll of brand weapon
 u - 3 scrolls of teleportation {unknown}
 y - 2 scrolls of revelation
 z - 3 scrolls of enchant armour {unknown}
 E - a scroll of vulnerability
 F - a scroll of poison
 I - a scroll of immolation
 L - a scroll of butterflies {unknown}
Potions
 e - 2 potions of haste
 g - 2 potions of cancellation
 q - a potion of heal wounds
 t - 2 potions of magic {unknown}
 x - a potion of ambrosia
 G - a potion of berserk rage
 K - a potion of lignification {unknown}


   Skills:
 + Level 6.8 Fighting
 - Level 4.4 Long Blades
 - Level 2.0 Maces & Flails
 + Level 5.9 Polearms
 - Level 2.0 Dodging
 - Level 12.0 Stealth


You had 8 spell levels left.
You didn't know any spells.
Your spell library contained the following spells:

 Spells                   Type           Power      Damage    Failure   Level
 Dazzling Flash           Conj/Hex       0%         N/A       69%         3
 Volatile Blastmotes      Fire/Tloc      0%         2d10      69%         3
 Starburst                Conj/Fire      0%         6d3       100%        6
 Maxwell's Capacitive Co  Air            0%         ∞         100%        8


Dungeon Overview and Level Annotations

Branches:
Dungeon (6/15)             Temple (1/1) D:5           Sewer (visited)

Altars:
Ashenzari
Cheibriados
Dithmenos
Elyvilon
Fedhas
Gozag
Hepliaklqana
Kikubaaqudgha
Makhleb
Nemelex Xobeh
Okawaru
Qazlal
Ru
Sif Muna
Trog
Uskayaw
Vehumet
Xom
Yredelemnul
Zin
The Shining One

Annotations:
D:6 Eustachio


Innate Abilities, Weirdness & Mutations

You cannot wear most types of armour.
You are amphibious.
You can wear up to eight rings at the same time.
Your skin changes colour to match your surroundings (Stealth+).
Your rubbery body absorbs attacks. (AC +1, EV +1)
((You are camouflaged when in or above water. (Stealth+)))
You have tentacles for arms and can constrict up to eight enemies at once.


Message History

Something bites the vampire mosquito!!
The vampire mosquito is destroyed!
Your Fighting skill increases to level 6!
Your Polearms skill increases to level 5!
You start resting.
The vampire mosquito is distracted by your dazzling golden aura.
Things that are here:
5 gold pieces; a +2 whip of flaming; a +2 robe of fire resistance The vampire mosquito is no longer distracted by gold.
The vampire mosquito buzzes angrily.
The vampire mosquito is distracted by your dazzling golden aura.
The vampire mosquito is no longer distracted by gold.
The vampire mosquito is distracted by your dazzling golden aura.
The vampire mosquito is no longer distracted by gold.
The vampire mosquito buzzes angrily.
The vampire mosquito bites you!
The vampire mosquito draws strength from your injuries!
The vampire mosquito attacks as it pursues you!
The vampire mosquito bites you!
The vampire mosquito draws strength from your injuries!
The vampire mosquito completely misses you. x2
The vampire mosquito bites you!
* * * LOW HITPOINT WARNING * * *
The vampire mosquito draws strength from your injuries!
The vampire mosquito barely misses you.
The vampire mosquito completely misses you.
The vampire mosquito barely misses you.
The vampire mosquito attacks as it pursues you!
The vampire mosquito bites you!
* * * LOW HITPOINT WARNING * * *
The vampire mosquito draws strength from your injuries!
The vampire mosquito completely misses you. x2
The vampire mosquito attacks as it pursues you!
The vampire mosquito completely misses you. x3
The vampire mosquito is no longer moving quickly.
The vampire mosquito no longer looks unusually strong.
The vampire mosquito is no longer in an wild frenzy.
The vampire mosquito misses you. The vampire mosquito bites you.
You die...
Your body crumbles into a pile of gold.

#$# #..#####.# #.# #..#
#.# #.# #..# #.# #.# #..#
#.# #.# #..# #.# #.# #..#
#$# #.# #..# #.#
#)##.######### #..#
#.........y@.######..#
........#######.........#
.#.###.## ########.### #
#. #...# #. ###.# #. #.#
#. #.# #.# #.##.###


You could see a vampire mosquito (slow).

Vanquished Creatures
  Pikel (D:6)
  Grinder (Sewer)
  Edmund (D:6)
  An orc warrior (D:6)
  2 ice beasts
  A phantom (Sewer)
  A kobold brigand (D:5)
  2 wights (Sewer)
  A howler monkey (D:5)
  2 hounds
  Crazy Yiuf (D:4)
  A gnoll bouda (D:5)
  2 jellies (D:5)
  Ijyb (D:4)
  3 iguanas
  5 orc wizards
  7 gnolls
  14 adders
  2 river rats (D:4)
  3 shadow imps
  4 ufetubi (Sewer)
  6 worms
  2 dart slugs (D:2)
  2 orcs
  8 ball pythons
  8 endoplasms
  2 giant cockroaches (D:2)
  12 goblins
  4 hobgoblins
  9 jackals
  2 quokkas
  5 bats
  3 frilled lizards
  A giant cockroach zombie (Sewer)
  19 kobolds
  A kobold zombie (Sewer)
  9 rats
149 creatures vanquished.

Vanquished Creatures (collateral kills)
  A vampire mosquito (D:6)
  A gnoll (D:5)
2 creatures vanquished.

Grand Total: 151 creatures vanquished

Notes
Turn   | Place    | Note
-------+----------+-------------------------------------------
     0 | D:5      | Azuregosa the Octopode Delver began the quest for the Orb.
     0 | D:5      | Reached XP level 1. HP: 16/16 MP: 1/1
     0 | D:5      | Noticed an orange demon
     1 | D:5      | Found a burning altar of Makhleb.
     1 | D:5      | Noticed an Executioner
    23 | D:5      | Found a staircase to the Ecumenical Temple.
    32 | Temple   | Found a transporter.
    32 | Temple   | Found a transporter.
    32 | Temple   | Found a transporter.
    32 | Temple   | Found a transporter.
    32 | Temple   | Entered the Ecumenical Temple
   171 | D:5      | Found a sparkling altar of Nemelex Xobeh.
   182 | D:5      | Found a glowing silver altar of Zin.
   191 | D:5      | Found a radiant altar of Vehumet.
   211 | D:5      | Found a bloodstained altar of Trog.
   281 | D:4      | Reached skill level 7 in Stealth
   281 | D:4      | Reached XP level 2. HP: 21/21 MP: 2/2
   363 | D:5      | Reached skill level 8 in Stealth
   363 | D:5      | Reached XP level 3. HP: 17/26 MP: 3/3
   454 | D:5      | Reached XP level 4. HP: 29/31 MP: 4/4
   484 | D:5      | Reached skill level 9 in Stealth
   525 | Temple   | Became a worshipper of Gozag Ym Sagoz the Greedy
   562 | D:4      | Reached XP level 5. HP: 36/36 MP: 5/5
   666 | D:4      | Reached skill level 10 in Stealth
   744 | D:4      | Found a glowing drain.
   758 | Sewer    | Entered a sewer
   871 | Sewer    | Reached XP level 6. HP: 38/42 MP: 6/6
  1008 | Sewer    | Found an ancient bone altar of Kikubaaqudgha.
  1020 | Sewer    | Reached skill level 11 in Stealth
  1248 | Sewer    | Noticed Grinder
  1494 | Sewer    | Reached XP level 7. HP: 34/46 MP: 7/7
  1499 | Sewer    | Reached skill level 12 in Stealth
  1563 | Sewer    | Paralysed by Grinder for 4 turns
  1570 | Sewer    | Paralysed by Grinder for 5 turns
  1577 | Sewer    | Killed Grinder
  1805 | D:4      | Noticed Ijyb
  1817 | D:4      | Killed Ijyb
  3190 | D:2      | Found a faded altar of an unknown god.
  3650 | D:2      | Identified the +6 spear "Qyodedug" {freeze, rCorr Stlth+}
  4134 | D:3      | Found a glowing golden altar of the Shining One.
  4249 | D:3      | Found a white marble altar of Elyvilon.
  4249 | D:3      | Found a hide-covered altar of Uskayaw.
  4258 | D:3      | Found an iron altar of Okawaru.
  4260 | D:3      | Found a hazy altar of Hepliaklqana.
  4262 | D:3      | Found a faded altar of an unknown god.
  4436 | D:3      | Reached XP level 8. HP: 51/52 MP: 8/8
  4805 | D:4      | Reached skill level 1 in Polearms
  4822 | D:4      | Found a runed translucent door.
  4823 | D:4      | Noticed Crazy Yiuf
  4832 | D:4      | Killed Crazy Yiuf
  5487 | D:5      | Noticed a ynoxinul
  5889 | D:6      | Noticed Edmund
  5903 | D:6      | Killed Edmund
  5904 | D:6      | Reached skill level 5 in Fighting
  6115 | D:6      | Noticed Eustachio
  6125 | D:6      | Noticed Pikel
  6256 | D:6      | Reached XP level 9. HP: 31/62 MP: 9/9
  6544 | D:6      | Killed Pikel
  6545 | D:6      | Reached skill level 5 in Polearms
  6558 | D:6      | HP: 2/63 [vampire mosquito (10)]
  6560 | D:6      | Slain by a vampire mosquito

Illustrated notes

Levels and vault maps discovered:
D:1:      denvon_arrival_hothouse, layout_loops_corners
D:2:      minmay_spotlight, layout_loops_corners, nicolae_ecumenical_lake_church
D:3:      layout_basic, tso_altar, chequers_temple_overflow_minitemple
D:4:      layout_basic, lightli_sewer_entry_pipes, uniq_ijyb,
          uniq_crazy_yiuf_cottage
D:5:      kennysheep_spiral_hall, layout_rooms, makhleb_altar_promises_db,
          nicolae_overflow_quartered_altars, minmay_temple_entry_antechambers
D:6:      layout_loops_ring, uniq_edmund, uniq_pikel, uniq_eustachio
Temple:   hellmonk_temple_divided_pantheon

Skill      XL: |  1  2  3  4  5  6  7  8  9 |
---------------+----------------------------+-----
Stealth        | 7 8 9 10 11 12 | 12.0
Long Blades    | 4 |  4.4
Polearms       | 4 5 |  5.9
Fighting       | 5 6 |  6.8
Maces & Flails | |  2.0
Dodging        | |  2.0

Action                     |  1- 3 |  4- 6 |  7- 9 || total
---------------------------+-------+-------+-------++-------
  Melee: Broad axe         |    11 |    66 |       ||    77
         Tentacles         |     2 |    17 |    39 ||    58
         Constrict         |     2 |    20 |    36 ||    58
         Scimitar          |       |    12 |    91 ||   103
         Punch             |       |     1 |     1 ||     2
         Spear             |       |       |   113 ||   113
   Fire: Sling             |       |       |    35 ||    35
  Throw: Stone             |       |     1 |       ||     1
  Evoke: Wand              |     1 |       |     1 ||     2
    Use: Scroll            |     1 |     1 |     8 ||    10
         Potion            |       |       |     2 ||     2
   Stab: Sleeping          |     5 |    10 |    42 ||    57
         Distracted        |       |     2 |     2 ||     4
 Armour: Skin              |     5 |    61 |   133 ||   199
  Dodge: Dodged            |     9 |    89 |   283 ||   381

Table legend: (Time is in decaauts)
 A = Elapsed time spent in this place.
 B = Non-inter-level travel time spent in this place.
 C = Inter-level travel time spent in this place.
 D = Time resting spent in this place.
 E = Time spent auto-exploring this place.
 F = Levels seen in this place.
 G = Mean time per level.
                   A        B        C        D        E       F      G
               +--------+--------+--------+--------+--------+-----+--------+
         Total |   6642 |   6509 |    133 |   1449 |   2824 |   8 |  830.2 |
       Dungeon |   5477 |   5344 |    133 |    961 |   2628 |   6 |  912.8 |
        Temple |    142 |    142 |      0 |    100 |      0 |   1 |  142.0 |
         Sewer |   1022 |   1022 |      0 |    388 |    196 |   1 | 1022.0 |
               +--------+--------+--------+--------+--------+-----+--------+

Top non-repeatable levels by time:
     D:5: 1196 daAuts
     D:4: 1046 daAuts
   Sewer: 1022 daAuts
     D:2: 998 daAuts
     D:1: 812 daAuts
     D:3: 772 daAuts
     D:6: 651 daAuts
  Temple: 142 daAuts
